 Dungeon Crawl Stone Soup version 0.29.1-12-g30fa7ad0bf (webtiles) character file.

Game seed: 5290543405811089945

984 nachturnus the Cudgeller (level 8, -1/46 HPs)
             Began as a Gargoyle Fighter on Dec 26, 2022.
             Slain by an ogre
             ... wielding a +0 giant club
              (15 damage)
             ... on level 5 of the Dungeon.
             The game lasted 00:18:29 (5847 turns).

nachturnus the Cudgeller (Gargoyle Fighter)         Turns: 5847, Time: 00:18:30

Health: -1/46      AC: 21    Str: 21    XL:     8   Next: 17%
Magic:  8/8        EV:  9    Int: 12    God:
Gold:   120        SH:  4    Dex:  9    Spells: 7/7 levels left

rFire   + . .      SeeInvis +   h - +8 falchion of Cojieted {protect, rF+ rN+ Int+2}
rCold   . . .      Faith    .   c - +0 buckler
rNeg    + + .      Spirit   .   b - +1 scale mail
rPois   ∞          Reflect  .   q - +0 helmet {SInv}
rElec   +          Harm     .   (no cloak)
rCorr   .          Rampage  .   (no gloves)
Will    .....                   (no boots)
Stlth   ..........              (no amulet)
HPRegen 0.15/turn               (no ring)
MPRegen 0.11/turn               (no ring)

@: under a protective aura
A: sickness immunity, AC +5, negative energy resistance 1, electricity
resistance, torment resistance 1, petrification resistance
a: no special abilities


You were on level 5 of the Dungeon.
You visited 1 branch of the dungeon, and saw 5 of its levels.

You collected 258 gold pieces.
You spent 138 gold pieces at shops.

Inventory:

Hand Weapons
 a - a +0 flail
 h - the +8 falchion of Cojieted (weapon) {protect, rF+ rN+ Int+2}
   (You found it on level 5 of the Dungeon)

   It grants its wielder temporary protection when it strikes (+7 to AC).
   Int:       It affects your intelligence (+2).
   rF:        It protects you from fire.
   rN:        It protects you from negative energy.
 i - a +4 vampiric whip
Armour
 b - a +1 scale mail (worn)
 c - a +0 buckler (worn)
 q - a +0 helmet of see invisible (worn)
Jewellery
 r - a +4 ring of evasion
Wands
 d - a wand of polymorph (10)
Scrolls
 e - 2 scrolls of immolation
 f - a scroll of silence {unknown}
 o - 4 scrolls of amnesia
 p - a scroll of identify
Potions
 g - a potion of heal wounds {unknown}
 j - 2 potions of resistance
 k - a potion of invisibility {unknown}
 l - a potion of magic
 m - a potion of lignification {unknown}
 n - a potion of flight {unknown}
 s - a potion of might


   Skills:
 - Level 3.2 Fighting
 + Level 5.3 Long Blades
 - Level 7.1 Maces & Flails
 - Level 3.2 Armour
 - Level 3.2 Shields


You had 7 spell levels left.
You didn't know any spells.
Your spell library was empty.

Dungeon Overview and Level Annotations

Branches:
Dungeon (5/15)
 Temple: D:4-7

Altars:
Elyvilon

Shops:
D:2 [

Annotations:
D:4 3 runed translucent doors, wormed's ghost, amateur HOFi
D:5 1 runed translucent door, Barsook's ghost, novice DsFi


Innate Abilities, Weirdness & Mutations

You are immune to sickness and miasma.
Your stone body is resilient. (AC +5)
You are immune to poison.
You resist negative energy. (rN+)
You are resistant to electric shocks. (rElec)
You are resistant to unholy torment.
You are immune to petrification.


Message History

You kill the orc!
You slash the orc!
You kill the orc!
Found a white marble altar of Elyvilon.
Items here: ))) [[ †††.
There is an open door here.
You open the door.
There is an open door here.
An orc comes into view. It is wielding a +0 short sword.
The orc shouts!
The orc hits you but does no damage.
You hit the orc.
Your weapon exudes an aura of protection.
The orc is heavily wounded.
The orc hits you but does no damage.
You hit the orc.
The orc is almost dead.
The orc closely misses you.
You closely miss the orc.
The orc is almost dead.
The orc misses you.
You hit the orc.
You kill the orc!
Things that are here:
a +0 short sword; a +0 chain mail
s - a potion of might An ogre comes into view.
It is wielding a +0 giant club.
The ogre shouts!
You barely miss the ogre.
The ogre hits you with a +0 giant club!!
Ouch! That really hurt!
You barely miss the ogre. You block the ogre's attack.
You hit the ogre but do no damage.
Your weapon exudes an aura of protection.
The ogre hits you with a +0 giant club!
You closely miss the ogre. You slash the ogre!
The ogre is moderately wounded.
The ogre hits you with a +0 giant club!
You die...

.............#
######.#####.# .......#
#.# ###....# #.#
##.(##(#####.#
...###..?....# ####
#######.#
########################
...............O@......#
...##################.##
....... #.# ....... #.#
...#### #.# ...# #.#
...# #.#
#####################.#
........).............#


You could see an ogre.

Vanquished Creatures
  A water moccasin (D:5)
  A centaur (D:4)
  A necrophage (D:5)
  3 scorpions
  A howler monkey (D:4)
  An orc priest (D:5)
  A jelly (D:4)
  A gnoll bouda (D:5)
  6 iguanas
  2 orc wizards (D:5)
  5 adders
  7 gnolls
  2 dart slugs
  11 orcs (D:5)
  7 ball pythons
  6 bats
  7 endoplasms
  5 giant cockroaches
  16 hobgoblins
  6 jackals
  4 quokkas
  2 frilled lizards
  12 goblins
  11 kobolds
  8 rats
127 creatures vanquished.

Vanquished Creatures (others)
  An endoplasm (D:2)
  A fungus (D:4)
  3 plants (D:4)
5 creatures vanquished.

Grand Total: 132 creatures vanquished

Notes
Turn   | Place    | Note
-------+----------+-------------------------------------------
     0 | D:1      | nachturnus the Gargoyle Fighter began the quest for the
                  | Orb.
     0 | D:1      | Reached XP level 1. HP: 14/14 MP: 1/1
   224 | D:1      | Reached XP level 2. HP: 15/19 MP: 2/2
   241 | D:1      | Reached skill level 3 in Maces & Flails
   644 | D:1      | Reached XP level 3. HP: 23/23 MP: 3/3
  1348 | D:2      | Reached skill level 4 in Maces & Flails
  1365 | D:2      | Found Gopheot's Armour Shop.
  1473 | D:2      | Reached XP level 4. HP: 28/28 MP: 4/4
  2306 | D:3      | Found a faded altar of an unknown god.
  2686 | D:3      | Reached skill level 5 in Maces & Flails
  2686 | D:3      | Reached XP level 5. HP: 32/32 MP: 5/5
  2948 | D:4      | Found a runed translucent gate.
  2951 | D:4      | Found a runed translucent gate.
  2951 | D:4      | Found a runed translucent gate.
  2952 | D:4      | Noticed wormed's ghost (amateur HOFi)
  3145 | D:2      | Bought a +0 helmet of see invisible for 138 gold pieces
  3477 | D:4      | Noticed a kobold brigand
  3681 | D:4      | Noticed a centaur
  3711 | D:4      | Killed a centaur
  3712 | D:4      | Reached skill level 6 in Maces & Flails
  3712 | D:4      | Reached XP level 6. HP: 19/37 MP: 6/6
  4288 | D:4      | Reached skill level 7 in Maces & Flails
  4542 | D:5      | Entered Level 5 of the Dungeon
  4580 | D:5      | Identified the +8 falchion of Cojieted {protect, rF+ rN+
                  | Int+2}
  4619 | D:5      | Reached skill level 1 in Long Blades
  4619 | D:5      | Reached XP level 7. HP: 38/41 MP: 7/7
  4775 | D:5      | Found a runed translucent door.
  4778 | D:5      | Noticed a hornet
  4778 | D:5      | Noticed Barsook's ghost (novice DsFi)
  5511 | D:5      | Reached skill level 5 in Long Blades
  5511 | D:5      | Reached XP level 8. HP: 28/46 MP: 8/8
  5740 | D:5      | Found a white marble altar of Elyvilon.
  5847 | D:5      | Slain by an ogre

Illustrated notes

Levels and vault maps discovered:
D:1:      minmay_arrival_widening_spiral_wide, layout_basic, minmay_tromino_mix6
D:2:      layout_basic, serial_shops, nicolae_shop_statue_plus, st_stairs_3,
          hangedman_decor_opposing
D:3:      layout_loops_cross, ebering_ecumenical_altar_ruins
D:4:      layout_basic, gammafunk_ghost_nasty_kobolds
D:5:      layout_basic, mainiacjoe_overflow_alcove_1, ebering_ghost_inner_flame,
          hangedman_abyss_or_decor_stabs

Skill      XL: |  1  2  3  4  5  6  7 |
---------------+----------------------+-----
Maces & Flails | 3 4 5 6 7 |  7.1
Long Blades    | 1 5 |  5.3
Fighting       | |  3.2
Armour         | |  3.2
Shields        | |  3.2

Action                   |  1- 3 |  4- 6 |  7- 9 || total
-------------------------+-------+-------+-------++-------
Melee: Flail             |   125 |   201 |       ||   326
       Falchion          |       |    10 |   116 ||   126
  Use: Scroll            |     5 |     8 |       ||    13
       Potion            |       |     1 |       ||     1
Armor: Scale mail        |    70 |   124 |    61 ||   255
Dodge: Dodged            |    63 |   102 |    60 ||   225
Block: Buckler           |    19 |    43 |    25 ||    87
